cohdb
Replays
Latest Replays
All Replays
Popular Replays
Top Player Replays
Match Explorer
How It Works
Community
CoH3 Stats
Reddit
Sign in to upload your games and track your stats! →
Sign in with Steam
Match 43007756
Unlisted
Match 43007756
Overview
Messages
Build Orders
End
Construct Barracks
Engineer Squad
Selects Heavy Weapons
Riflemen Squad
Riflemen Squad
Construct Weapon Support Center
1⁄4-ton 4x4 Truck
Selects M2HB .50cal Heavy Machine Gun
Selects Assault Carriers
Infantry Support Center
Construct Medical Station
M3 Assault Carrier
1⁄4-ton 4x4 Truck
Selects Exchangeable Parts
Construct Motor Pool
M1918 Browning Automatic Rifles
Selects M2HB .50cal Heavy Machine Gun
M8 Greyhound Armored Car
M1919 Machine Gun Team
Advanced Logistics
Selects Rapid Reposition
Engineer Squad
Selects Bolstered Team Weapons
M1919 Machine Gun Team
Survival Training
Demolitions Package
M1 Anti-tank Gun Team
Riflemen Squad
roshawnkne
Tok3n x Operator
martinsoeder35
[PMT]GENERAL
[PMT] Ramin
[PMT]Reza Rommel
0
0
Comments
sign in to comment!
No comments posted yet!